 Dungeon Crawl Stone Soup version 0.16-a0-3939-g9a3e665 (webtiles) character file.

1786 BluebellGnoll the Fighter (level 8, -1/81 HPs)
             Began as a Minotaur Gladiator on Feb 6, 2015.
             Was a Believer of Okawaru.
             Shot with a sling bullet of flame by Joseph (13 damage)
             ... on level 7 of the Dungeon.
             The game lasted 00:14:01 (5681 turns).

BluebellGnoll the Fighter (Minotaur Gladiator)      Turns: 5681, Time: 00:14:01

Health: -1/81      AC: 11    Str: 23    XL:     8   Next: 82%
Magic:  3/3        EV:  9    Int:  5    God:    Okawaru [**....]
Gold:   229        SH:  0    Dex: 10    Spells: 0 memorised, 7 levels left

rFire  . . .     SeeInvis .     a - +1 war axe
rCold  . . .     Clarity  .     s - +0 chain mail
rNeg   + . .     SustAb   .     (no shield)
rPois  +         Gourm    .     c - +0 hat
rElec  .         Spirit   .     (no cloak)
rCorr  .         Warding  .     B - +0 pair of gloves
rMut   .         Stasis   .     (no boots)
MR     .....                    (no amulet)
Stlth  ..........               q - ring of poison resistance
                                h - ring of positive energy

@: exhausted, slowed, very slow, not resistant to hostile enchantments,
extremely unstealthy
A: retaliatory headbutt, horns 2
a: Heroism, Renounce Religion


You were on level 7 of the Dungeon.
You worshipped Okawaru.
Okawaru was pleased with you.
You were very hungry.

You visited 2 branches of the dungeon, and saw 8 of its levels.
You also visited: Sewer.

You collected 229 gold pieces.

Inventory:

Hand weapons
 a - a +1 war axe (weapon)
 w - a +0 blowgun
Missiles
 d - 2 throwing nets (quivered)
 l - 5 tomahawks
 v - 8 poisoned javelins
 x - 14 poisoned needles
Armour
 c - a +0 hat (worn)
 s - a +0 chain mail (worn)
 B - a +0 pair of gloves (worn)
Jewellery
 b - an uncursed ring of ice
 e - an uncursed ring of magical power
 h - a ring of positive energy (left hand)
 q - a ring of poison resistance (right hand)
 y - a +3 ring of protection
Magical devices
 p - a wand of invisibility (5)
 u - a wand of slowing (23)
 E - a wand of paralysis (16)
Scrolls
 k - 2 scrolls of enchant weapon
 o - 6 scrolls of remove curse
 D - a scroll of identify
Potions
 g - 3 potions of curing
 i - 4 potions of might
 j - a potion of invisibility
 m - 5 potions of heal wounds
 t - 2 potions of berserk rage
 z - 2 potions of brilliance
 A - a potion of cancellation
 C - a potion of haste
Comestibles
 f - 8 bread rations
 n - a chunk of flesh
 r - 3 meat rations


   Skills:
 - Level 10.9 Fighting
 + Level 6.1 Axes
 - Level 2.0 Throwing
 - Level 6.4 Armour
 - Level 3.2 Dodging


You had 7 spell levels left.
You didn't know any spells.

Dungeon Overview and Level Annotations

Branches:
Dungeon (7/15)             Temple (1/1) D:5

Altars:
Ashenzari
Cheibriados
Fedhas
Nemelex Xobeh
Okawaru
Sif Muna
Trog
Yredelemnul
Zin
The Shining One

Shops:
D:5 (=[

Annotations:
D:7 Joseph


Innate Abilities, Weirdness & Mutations

You reflexively headbutt those who attack you in melee.
You have a pair of horns on your head.


Message History

You feel yourself slow down.
You are feeling very hungry.
There is a stone staircase leading up here.
Joseph shoots a sling bullet of flame.
The sling bullet of flame hits you!
* * * LOW HITPOINT WARNING * * *
The sling bullet of flame burns you.
* * * LOW HITPOINT WARNING * * *
The orc hits you with a flail.
* * * LOW HITPOINT WARNING * * *
Joseph shoots a sling bullet of flame.
The sling bullet of flame hits you but does no damage.
The sling bullet of flame burns you.
* * * LOW HITPOINT WARNING * * *
You see here 5 sling bullets of flame.
You are too injured to fight recklessly!
Unknown command.
The orc hits you with a flail.
* * * LOW HITPOINT WARNING * * *
Joseph shoots a sling bullet of flame.
The sling bullet of flame hits you!
You die...

#. #.# # #..
[..##?. .......
.......
.......a####.#####
.....@..@oo.......
........#####....#
....... . .......
...."[. ......
#.... (..#


You could see Joseph, a worker ant, an orc priest and an orc.

Vanquished Creatures
  A sky beast (D:6)
  2 phantoms
  An orc warrior (D:7)
  An ogre (D:5)
  Sigmund (D:3)
  2 centaurs (D:6)
  A crocodile (Sewer)
  3 giant frogs (D:6)
  2 scorpions (D:5)
  A crimson imp (D:6)
  A centaur skeleton (D:5)
  A giant frog skeleton (D:6)
  3 orc priests
  3 hounds
  5 orc wizards
  4 worker ants
  Terence (D:3)
  8 adders
  3 giant mites
  4 worms
  An adder zombie (D:6)
  An adder skeleton (D:6)
  3 giant geckos (D:3)
  3 oozes
  17 orcs
  4 ball pythons
  14 bats
  5 giant cockroaches
  12 goblins
  9 hobgoblins
  5 jackals
  10 kobolds
  3 quokkas
  3 giant newts
  12 rats
150 creatures vanquished.

Vanquished Creatures (others)
  An orc wizard (D:7)
  A rat (D:3)
2 creatures vanquished.

Grand Total: 152 creatures vanquished

Notes
Turn   | Place    | Note
--------------------------------------------------------------
     0 | D:1      | BluebellGnoll, the Minotaur Gladiator, began the quest for the Orb.
     0 | D:1      | Reached XP level 1. HP: 18/18 MP: 1/1
    39 | D:1      | Reached skill level 4 in Axes
   181 | D:1      | Reached XP level 2. HP: 19/25 MP: 1/1
   427 | D:1      | Reached skill level 5 in Axes
   427 | D:1      | Reached XP level 3. HP: 21/30 MP: 2/2
   996 | D:2      | Found a blossoming altar of Fedhas.
  1699 | D:2      | Reached XP level 4. HP: 27/40 MP: 2/2
  1987 | D:3      | Reached skill level 1 in Armour
  2079 | D:3      | Found a glowing drain.
  2104 | Sewer    | Entered a sewer
  2108 | Sewer    | Reached XP level 5. HP: 37/46 MP: 2/2
  2124 | Sewer    | Noticed a crocodile
  2134 | Sewer    | Killed a crocodile
  2206 | D:3      | Reached skill level 5 in Armour
  2206 | D:3      | Reached XP level 6. HP: 50/52 MP: 3/3
  2223 | D:3      | Noticed Sigmund
  2234 | D:3      | Killed Sigmund
  2347 | D:3      | Reached skill level 6 in Armour
  2502 | D:3      | Noticed Terence
  2509 | D:3      | Killed Terence
  2578 | D:3      | Found a basalt altar of Yredelemnul.
  2579 | D:3      | Noticed a profane servitor
  2583 | D:3      | Found a glowing golden altar of the Shining One.
  2584 | D:3      | Noticed an angel
  2642 | D:3      | Found an iron altar of Okawaru.
  2650 | D:3      | Became a worshipper of Warmaster Okawaru
  3006 | D:4      | Reached skill level 5 in Fighting
  3006 | D:4      | Reached XP level 7. HP: 54/61 MP: 3/3
  3123 | D:4      | Found a sparkling altar of Nemelex Xobeh.
  3881 | D:5      | Entered Level 5 of the Dungeon
  3917 | D:5      | Found a shattered altar of Ashenzari.
  3972 | D:5      | Got a shimmering dagger
  3982 | D:5      | Found Amuph's Jewellery Boutique.
  3993 | D:5      | Found Aceh's Armour Shoppe.
  4290 | D:5      | Acquired Okawaru's first power
  4290 | D:5      | Reached skill level 7 in Fighting
  4461 | D:5      | Found a staircase to the Ecumenical Temple.
  4467 | Temple   | Entered the Ecumenical Temple
  4474 | Temple   | Identified the +2 dagger of the Oracle {drain, -Cast rPois+ rN+ Int+3} (You found it on level 5 of the Dungeon)
  4555 | D:5      | Reached skill level 8 in Fighting
  4600 | D:5      | Found Trythry's Antique Weapon Emporium.
  4794 | D:5      | Reached XP level 8. HP: 67/75 MP: 3/3
  5021 | D:6      | Reached skill level 9 in Fighting
  5034 | D:6      | Found a glowing silver altar of Zin.
  5229 | D:6      | Reached skill level 10 in Fighting
  5272 | D:6      | Found a glowing silver altar of Zin.
  5475 | D:6      | Found a bloodstained altar of Trog.
  5664 | D:7      | Noticed Joseph
  5681 | D:7      | Shot with a sling bullet of flame by Joseph

Action                   |  1- 3 |  4- 6 |  7- 9 || total
-------------------------+-------+-------+-------++-------
Melee: War axe           |    72 |   122 |   142 ||   336
Throw: Throwing net      |       |     1 |       ||     1
  Use: Scroll            |     6 |     6 |     9 ||    21
       Potion            |       |     1 |     1 ||     2
  Eat: Chunk             |     2 |     5 |     8 ||    15
